 Dungeon Crawl Stone Soup version 0.25.1-2-g60ff931df9 (webtiles) character file.

Game seed: 5051315931239801211

9098 DogServant the Transmogrifier (level 11, -3/103 HPs)
             Began as a Naga Transmuter on Oct 18, 2020.
             Was a High Priest of Okawaru.
             Slain by a war gargoyle
             ... wielding a +0 dire flail
              (17 damage)
             ... while petrified by Jorgrun
             ... on level 13 of the Dungeon.
             The game lasted 00:25:38 (15554 turns).

DogServant the Transmogrifier (Naga Transmuter)    Turns: 15554, Time: 00:25:39

Health: -3/103     AC:  8    Str: 13      XL:     11   Next: 41%
Magic:  27/27      EV:  1    Int: 13 (14) God:    Okawaru [*****.]
Gold:   636        SH:  0    Dex: 10      Spells: 8/19 levels left

rFire    . . .     SeeInvis +     - Unarmed
rCold    . . .     Gourm    .   (no shield)
rNeg     + + +     Faith    .   y - +0 troll leather armour
rPois    ∞         Spirit   .   (no helmet)
rElec    .         Reflect  .   (no cloak)
rCorr    .         Harm     .   (no gloves)
MR       +....                  (no barding)
Stlth    +.........             v - amulet of the acrobat
HPRegen  0.67/turn              f - ring of magical power
MPRegen  0.20/turn              (no ring)

@: petrified, studying Armour, very slow
A: large, icy blue scales 1, see invisible, clumsy 1, deformed body,
deterioration 1, poison resistance, robust 1, slowness 2, slow metabolism 1,
spit poison 1, weak 1, wild magic 1, MP-powered wands, AC +3
a: Spit Poison, Heroism, Finesse, Renounce Religion


You were on level 13 of the Dungeon.
You worshipped Okawaru.
Okawaru was extremely pleased with you.
You were not hungry.

You visited 2 branches of the dungeon, and saw 13 of its levels.

You collected 663 gold pieces.
You spent 27 gold pieces at shops.

Inventory:

Hand Weapons
 m - a +1 dagger of draining
Missiles
 a - 170 arrows
 o - 3 poisoned darts (quivered)
Armour
 b - a +1 robe
 j - a +0 leather armour
 y - a +0 troll leather armour (worn)
Jewellery
 f - a ring of magical power (left hand)
 v - an amulet of the acrobat (around neck)
 w - an uncursed amulet of magic regeneration {unknown}
 D - an uncursed amulet of faith {unknown}
Wands
 e - a wand of paralysis (9)
 g - a wand of flame (36)
Scrolls
 c - 2 scrolls of remove curse
 l - 2 scrolls of amnesia {unknown}
 n - 3 scrolls of immolation {unknown}
 r - 2 scrolls of identify
 s - 2 scrolls of blinking {unknown}
 x - 3 scrolls of teleportation
 C - 3 scrolls of fear
 E - a scroll of fog
 F - a scroll of enchant armour
Potions
 h - 3 potions of curing
 i - 3 potions of stabbing
 k - a potion of brilliance
 p - 2 potions of heal wounds
 t - a potion of flight
 u - 3 potions of lignification
 z - a potion of might
 A - a potion of berserk rage
 B - a potion of haste
Books
 q - a manual of Armour
Comestibles
 d - 18 rations
 G - 5 chunks of flesh


   Skills:
 - Level 5.0 Fighting
 - Level 4.0 Armour
 - Level 1.5 Dodging
 + Level 9.7 Unarmed Combat
 + Level 4.7 Spellcasting
 + Level 10.8 Transmutations
 - Level 3.0 Poison Magic
 + Level 7.0 Invocations


You had 8 spell levels left.
You knew the following spells:

 Your Spells              Type           Power        Failure   Level  Hunger
a - Beastly Appendage     Tmut           #####.       1%          1    None
b - Sticks to Snakes      Tmut           #####...     1%          2    ##.....
c - Spider Form           Tmut/Pois      ####......   7%          3    ###....
d - Blade Hands           Tmut           #####.....   12%         5    ######.

Your spell library contained the following spells:

 Spells                   Type           Power        Failure   Level  Hunger
 Animate Skeleton         Necr           N/A          32%         1    None
 Apportation              Tloc           #.....       32%         1    None
 Corona                   Hex            #......      32%         1    None
 Summon Small Mammal      Summ           #...         32%         1    None
 Ice Form                 Ice/Tmut       ###.....     34%         4    ####...
 Call Imp                 Summ           #.......     43%         2    ##.....
 Call Canine Familiar     Summ           #.......     65%         3    ###....
 Summon Guardian Golem    Hex/Summ       #.......     65%         3    ###....
 Summon Ice Beast         Ice/Summ       #.......     96%         4    ####...
 Summon Lightning Spire   Summ/Air       #.......     96%         4    ####...


Dungeon Overview and Level Annotations

Branches:
Dungeon (11/15)            Temple (1/1) D:6            Lair (0/6) D:10
    Orc: D:9-12

Altars:
Ashenzari
Cheibriados
Elyvilon
Fedhas
Gozag
Hepliaklqana
Kikubaaqudgha
Nemelex Xobeh
Okawaru
Qazlal
Ru
Sif Muna
Trog
Uskayaw
Wu Jian
Xom
Yredelemnul
The Shining One

Shops:
D:7 **?%(   D:10 %   D:11 =%%

Portals:
Trove: D:10 (give +7 demon trident)

Annotations:
D:3 1 runed translucent door, admiralandromeda's ghost, amateur BaIE
D:4 1 runed translucent door, Xye's ghost, amateur MiBe
D:7 1 runed translucent door, Crazy Yiuf
D:13 Jorgrun


Innate Abilities, Weirdness & Mutations

You cannot wear boots.
Your serpentine skin is tough. (AC +3)
You have supernaturally acute eyesight. (SInv)
Armour fits poorly on your strangely shaped body.
Your system is resistant to poisons. (rPois)
You cover ground very slowly.
You have a slow metabolism.
You can spit poison.
You are partially covered in icy blue scales. (AC +2)
You are clumsy. (Dex -2)
Your body sometimes deteriorates upon taking damage.
You are robust. (+10% HP)
You are weak. (Str -2)
Your spells are a little harder to cast, but a little more powerful.
You expend magic power (3 MP) to strengthen your wands.


Message History

The spray of metal splinters hits you!!
The war gargoyle launches metal splinters at you.
The spray of metal splinters hits you!!!
The five-headed hydra bites you! The five-headed hydra bites you.
The five-headed hydra bites you! x2
The five-headed hydra bites you but does no damage.
The war gargoyle hits you with a +0 dire flail!
* * * LOW HITPOINT WARNING * * *
The tengu reaver hits you with a +3 broad axe of flaming!
* * * LOW HITPOINT WARNING * * *
The tengu reaver burns you.
* * * LOW HITPOINT WARNING * * *
The tengu reaver pecks you but does no damage.
The tengu reaver claws you but does no damage.
The five-headed hydra bites you but does no damage. x2
The five-headed hydra bites you.
* * * LOW HITPOINT WARNING * * *
The five-headed hydra bites you but does no damage. x2
The war gargoyle hits you with a +0 dire flail!!
You die...

. ;≈≈≈# .......##≈≈≈≈≈ .
...≈≈≈≈≈## ..$Q.##≈≈≈≈≈.
. ....≈≈≈≈≈#
.....#≈≈≈≈≈.. #
.....≈≈≈≈# .....#≈≈≈≈...
......≈≈≈###..###≈≈≈....
........≈≈≈≈..≈≈≈≈......
#....g...oo≈..≈.........
#.....o9*O....D........
#...@QoC.....$.....##
####.Do.........####
##############


You could see an orc warlord, a tengu reaver, a five-headed hydra, an ettin, a
war gargoyle (catching breath), an ogre, a boggart (invisible), an orc wizard
(summoned, fast, strong), a battlesphere and 3 orcs.

Vanquished Creatures
  Snorg (D:13)
  Pikel (D:9)
  2 cyclopes
  A shining eye (shapeshifter) (D:13)
  A gargoyle (D:10)
  A troll (D:10)
  A hippogriff (D:8)
  A spriggan (D:10)
  A shadow (D:11)
  A vampire (D:10)
  4 yaks (D:13)
  Duvessa (D:6)
  3 orc warriors
  A porcupine (D:10)
  A sky beast (D:8)
  3 necrophages (D:9)
  3 phantoms
  3 black bears
  3 ogres
  2 eyes of draining
  6 centaurs
  A crocodile (D:10)
  2 bullfrogs
  Dowan (D:6)
  5 scorpions
  6 killer bees
  9 wights
  3 howler monkeys
  2 electric eels
  8 crimson imps
  A bullfrog zombie (D:9)
  6 hounds
  An orc priest (D:6)
  A centaur skeleton (D:11)
  A bullfrog skeleton (D:7)
  A gnoll shaman (D:6)
  5 iguanas
  7 orc wizards
  Jessica (D:3)
  8 worker ants
  A killer bee zombie (D:9)
  A hound zombie (D:8)
  3 hound skeletons
  A howler monkey zombie (D:6)
  A worker ant zombie (D:8)
  Robin (D:3)
  8 gnolls
  7 adders
  An ooze (D:6)
  2 adder zombies (D:9)
  2 worms (D:3)
  A dart slug (D:3)
  4 leopard geckos
  27 orcs
  9 bats
  2 giant cockroaches (D:1)
  14 goblins
  11 hobgoblins
  A jackal (D:9)
  5 quokkas
  A frilled lizard (D:4)
  9 kobolds
  A leopard gecko zombie (D:9)
  A quokka zombie (D:7)
  9 rats
  A bush (D:9)
234 creatures vanquished.

Vanquished Creatures (others)
  A jackal (D:9)
  6 plants
7 creatures vanquished.

Grand Total: 241 creatures vanquished

Notes
Turn   | Place    | Note
-------+----------+-------------------------------------------
     0 | D:1      | DogServant the Naga Transmuter began the quest for the Orb.
     0 | D:1      | Reached XP level 1. HP: 18/18 MP: 3/3
   317 | D:1      | Reached XP level 2. HP: 25/25 MP: 5/5
  1441 | D:2      | Found a shattered altar of Ashenzari.
  1481 | D:2      | Found a sparkling altar of Nemelex Xobeh.
  1629 | D:2      | Reached XP level 3. HP: 12/31 MP: 6/6
  2233 | D:3      | Noticed Jessica
  2237 | D:3      | Killed Jessica
  2237 | D:3      | Reached skill level 3 in Transmutations
  2269 | D:3      | Reached XP level 4. HP: 38/38 MP: 7/7
  2616 | D:3      | Reached XP level 5. HP: 34/45 MP: 8/8
  2729 | D:3      | Noticed Robin
  2734 | D:3      | Killed Robin
  2892 | D:3      | Found a faded altar of an unknown god.
  3435 | D:3      | Found a runed translucent door.
  3439 | D:3      | Noticed admiralandromeda's ghost (amateur BaIE)
  3726 | D:4      | Reached skill level 4 in Transmutations
  3835 | D:4      | Reached XP level 6. HP: 36/55 MP: 9/9
  4196 | D:4      | Found a runed translucent door.
  4877 | D:4      | Noticed Xye's ghost (amateur MiBe)
  4914 | D:5      | Entered Level 5 of the Dungeon
  4930 | D:5      | Reached skill level 5 in Unarmed Combat
  5630 | D:5      | Learned a level 2 spell: Sticks to Snakes
  5634 | D:5      | Learned a level 3 spell: Spider Form
  5820 | D:5      | Noticed a sky beast
  5853 | D:5      | Reached XP level 7. HP: 62/62 MP: 10/10
  5950 | D:5      | Reached skill level 5 in Transmutations
  6438 | D:5      | HP: 1/62 [centaur (6)]
  6949 | D:6      | Reached skill level 6 in Transmutations
  6949 | D:6      | Reached XP level 8. HP: 60/69 MP: 11/11
  7018 | D:6      | Reached skill level 1 in Poison Magic
  7646 | D:6      | Found a staircase to the Ecumenical Temple.
  7672 | D:6      | Noticed Duvessa
  7677 | D:6      | Noticed Dowan
  7690 | D:6      | Killed Duvessa
  7698 | D:6      | Killed Dowan
  7968 | D:7      | Found Xodorya's Assorted Antiques.
  8201 | D:7      | Learned a level 5 spell: Blade Hands
  8245 | D:7      | Reached skill level 1 in Armour
  8245 | D:7      | Reached skill level 7 in Transmutations
  8543 | Temple   | Entered the Ecumenical Temple
  8609 | Temple   | Became a worshipper of Warmaster Okawaru
  8672 | D:7      | Reached XP level 9. HP: 58/75 MP: 12/12
  8880 | D:7      | Found Neckal's Food Boutique.
  8914 | D:7      | Found Sulah's Magic Scroll Emporium.
  8933 | D:7      | Found a hide-covered altar of Uskayaw.
  8990 | D:7      | Found Motyahal's Assorted Antiques.
  9146 | D:7      | Bought a pink potion for 27 gold pieces
  9322 | D:7      | Found a runed translucent door.
  9323 | D:7      | Noticed Crazy Yiuf
  9453 | D:7      | Found Zofroxas's Weapon Shop.
  9615 | D:7      | Gained mutation: Potions are less effective at restoring
                  | your health. [mutagenic glow]
  9647 | D:7      | Lost mutation: Potions are less effective at restoring your
                  | health. [potion of mutation]
  9647 | D:7      | Gained mutation: Your spells are a little harder to cast,
                  | but a little more powerful. [potion of mutation]
  9647 | D:7      | Gained mutation: You are partially covered in icy blue
                  | scales. (AC +2) [potion of mutation]
  9647 | D:7      | Gained mutation: You expend magic power (3 MP) to
                  | strengthen your wands. [potion of mutation]
  9647 | D:7      | Gained mutation: You are robust. (+10% HP) [potion of
                  | mutation]
  9663 | D:8      | Reached skill level 8 in Transmutations
 10151 | D:8      | Reached * piety under Okawaru
 10345 | D:8      | Gained mutation: You are weak. (Str -2) [mutagenic glow]
 10858 | D:8      | Reached skill level 1 in Invocations
 11498 | D:9      | Reached skill level 9 in Transmutations
 11764 | D:9      | Reached skill level 5 in Fighting
 12115 | D:9      | Noticed Pikel
 12128 | D:9      | Killed Pikel
 12128 | D:9      | Reached ** piety under Okawaru
 12128 | D:9      | Reached XP level 10. HP: 85/96 MP: 13/13
 12187 | D:9      | Found a basalt altar of Yredelemnul.
 12191 | D:9      | Found an ancient bone altar of Kikubaaqudgha.
 12191 | D:9      | Found a hazy altar of Hepliaklqana.
 12199 | D:9      | Found a snail-covered altar of Cheibriados.
 12202 | D:9      | Found an opulent altar of Gozag.
 12488 | D:9      | Found a blossoming altar of Fedhas.
 12964 | D:10     | Entered Level 10 of the Dungeon
 13065 | D:10     | Noticed a gargoyle
 13071 | D:10     | Killed a gargoyle
 13128 | D:10     | Reached *** piety under Okawaru
 13128 | D:10     | Reached skill level 5 in Invocations
 13250 | D:10     | Reached skill level 10 in Transmutations
 13521 | D:10     | Found Pieban's Food Emporium.
 14125 | D:10     | Found a staircase to the Lair.
 14385 | D:10     | Found a portal to a secret trove of treasure.
 14537 | D:11     | Found Ygobli Otwuv's Jewellery Boutique.
 14574 | D:11     | Reached **** piety under Okawaru
 14792 | D:11     | Noticed a cyclops
 14806 | D:11     | Killed a cyclops
 14806 | D:11     | Reached XP level 11. HP: 5/103 MP: 16/16
 14957 | D:11     | Found Nareotim's Food Boutique.
 15040 | D:11     | Found Pen Faim's Food Shop.
 15095 | D:11     | You fall into a shaft and drop 2 floors!
 15095 | D:13     | Noticed a shining eye
 15097 | D:13     | Gained mutation: You are clumsy. (Dex -2) [a shining eye]
 15099 | D:13     | Noticed Snorg
 15100 | D:13     | Gained mutation: Your body sometimes deteriorates upon
                  | taking damage. [a shining eye]
 15102 | D:13     | Killed a shining eye
 15110 | D:13     | Killed Snorg
 15161 | D:13     | Reached ***** piety under Okawaru
 15388 | D:13     | Noticed a cyclops
 15400 | D:13     | Killed a cyclops
 15535 | D:13     | Noticed a five-headed hydra
 15540 | D:13     | Noticed a war gargoyle
 15540 | D:13     | Noticed an orc warlord
 15542 | D:13     | Noticed a tengu reaver
 15543 | D:13     | Noticed Jorgrun
 15548 | D:13     | Noticed an ettin
 15554 | D:13     | Slain by a war gargoyle

Illustrated notes

Levels and vault maps discovered:
D:1:      dpeg_arrival_radiant, layout_loops_ring
D:2:      layout_rooms, nemelex_altar_shiori, serial_rivers,
          chequers_serial_rivers_micro_c, chequers_serial_rivers_micro_d,
          chequers_serial_rivers_marsh, chequers_serial_rivers_micro_c,
          nicolae_ashenzari_panopticon
D:3:      layout_basic, gammafunk_ghost_grave, first_ration,
          chequers_ecumenical_altar_simple, grunt_ministairs_6, uniq_jessica,
          uniq_robin
D:4:      layout_loops_cross, ebering_ghost_reflecting_pool, minmay_fountain_box
D:5:      layout_loops_ring
D:6:      layout_rooms, minmay_temple_entry_hall, minmay_manual_mares,
          uniq_duvessa
D:7:      layout_cave_pools, basic_altar, serial_shops, shop,
          nicolae_shop_stone, kennysheep_mini, shop, shop,
          uniq_crazy_yiuf_cottage
D:8:      layout_basic
D:9:      layout_small_grid, fedhas_altar_decomposition,
          minmay_overflow_temple_star_hex, uniq_pikel
D:10:     layout_basic, grunt_lair_entry_orc_guard_hut,
          nicolae_trove_entry_crystal, serial_shops, shop, the_bakery
D:11:     layout_loops_cross, serial_shops, nicolae_shop_statue_plus,
          nicolae_shop_statue_plus, shop_statue
D:13:     cross_vault, layout_small_grid, uniq_rupert, uniq_snorg, uniq_jorgrun
Temple:   regret_index_temple_waves

Skill      XL: |  1  2  3  4  5  6  7  8  9 10 11 |
---------------+----------------------------------+-----
Transmutations | 3 4 6 7 9 10 | 10.8
Unarmed Combat | 4 5 6 7 8 9 |  9.7
Fighting       | 2 3 5 |  5.0
Poison Magic   | 3 |  3.0
Armour         | 2 3 4 |  4.0
Invocations    | 3 6 7 |  7.0
Spellcasting   | 3 4 |  4.7
Dodging        | |  1.5

Action                   |  1- 3 |  4- 6 |  7- 9 | 10-12 || total
-------------------------+-------+-------+-------+-------++-------
Melee: Unarmed           |    68 |       |   271 |   218 ||   557
       Headbutt          |     3 |    12 |    30 |     3 ||    48
       Punch             |     1 |     2 |    11 |     7 ||    21
       Dagger            |    16 |    28 |       |       ||    44
       Whip              |       |   159 |    93 |       ||   252
Throw: Dart              |       |    17 |       |       ||    17
 Cast: Beastly Appendage |     8 |    12 |    24 |     1 ||    45
       Spider Form       |       |       |     5 |       ||     5
       Blade Hands       |       |       |     8 |    25 ||    33
Invok: Heroism           |       |       |     1 |     3 ||     4
 Abil: Spit Poison       |     8 |    25 |     6 |     2 ||    41
  Use: Potion            |       |     4 |     7 |       ||    11
       Scroll            |       |     7 |     9 |     6 ||    22
 Stab: Sleeping          |     1 |     1 |       |       ||     2
       Distracted        |       |     1 |       |       ||     1
       Invisible         |       |       |     1 |       ||     1
  Eat: Chunk             |     3 |     8 |     6 |    10 ||    27
       Ration            |       |     1 |     5 |     3 ||     9
Armor: Robe              |    15 |    38 |       |       ||    53
       Skin              |       |     9 |     3 |       ||    12
       Leather armour    |       |       |    91 |    23 ||   114
       Troll leather arm |       |       |       |    51 ||    51
Dodge: Dodged            |    66 |   126 |   215 |   107 ||   514
